 Dungeon Crawl Stone Soup version 0.25-a0-860-gf695395b5c (webtiles) character file.

Game seed: 18060063560734881818, levelgen mode: deterministic

9643 Maedhros the Spear-Bearer (level 11, -6/112 HPs)
             Began as an Octopode Fighter on Apr 27, 2020.
             Was the Champion of Fedhas.
             Mangled by a manticore (10 damage)
             ... on level 11 of the Dungeon.
             The game lasted 00:17:34 (12736 turns).

Maedhros the Spear-Bearer (Octopode Fighter)       Turns: 12736, Time: 00:17:34

Health: -6/112     AC:  3    Str: 15    XL:     11   Next: 49%
Magic:  14/14      EV: 16    Int: 15    God:    Fedhas [******]
Gold:   54         SH: 10    Dex: 15    Spells: 10/10 levels left

rFire    . . .     SeeInvis .   r - +2 trident (venom)
rCold    . . .     Gourm    .   b - +0 kite shield
rNeg     . . .     Faith    .   (helmet restricted)
rPois    .         Spirit   .   p - amulet of regeneration
rElec    .         Reflect  .   l - +2 ring of protection
rCorr    .         Harm     .   G - +4 ring of intelligence
MR       .....                  w - ring of flight
Stlth    ..........             (no ring)
HPRegen  0.68/turn              (no ring)
MPRegen  0.14/turn              (no ring)
                                (no ring)
                                (no ring)

@: berserking, barbed spikes, very quick
A: almost no armour, stealthy swim, amphibious, 8 rings, constrict 8, camouflage
1, gelatinous body 1
a: Wall of Briars, Grow Ballistomycete, Overgrow, Grow Oklob, Renounce Religion,
Evoke Flight


You were on level 11 of the Dungeon.
You worshipped Fedhas.
Fedhas was exalted by your worship.
You were hungry.

You visited 2 branches of the dungeon, and saw 12 of its levels.

You collected 637 gold pieces.
You spent 583 gold pieces at shops.

Inventory:

Hand Weapons
 a - a +0 trident
 r - a +2 trident of venom (weapon)
 I - the +5 fustibalus of Moral Flaws {vorpal, +Inv MP+9 Dex+2 Stlth-}
   (You bought it in a shop on level 4 of the Dungeon)

   Any stone fired from it inflicts extra damage.
   It affects your dexterity (+2).
   It affects your magic capacity (+9).
   It lets you turn invisible.
   It makes you less stealthy.
Missiles
 J - 342 stones (quivered)
 K - 26 sling bullets
 L - 10 poisoned darts
Armour
 b - a +0 kite shield (worn)
Jewellery
 l - a +2 ring of protection (left tentacle)
 p - an amulet of regeneration (around mantle)
 u - an uncursed ring of fire
 w - a ring of flight (on tentacle)
 C - the ring "Cufihuh" {+Blink +Fly rF++ rC- Int+2}
   (You found it on level 8 of the Dungeon)

   [ring of flight]

   It affects your intelligence (+2).
   It greatly protects you from fire.
   It makes you vulnerable to cold.
   It lets you fly.
   It lets you blink.
 G - a +4 ring of intelligence (right tentacle)
Wands
 g - a wand of random effects (6)
 s - a wand of iceblast (8)
 z - a wand of flame (36)
 B - a wand of paralysis (9)
 E - a wand of enslavement (8)
Scrolls
 e - 3 scrolls of teleportation {unknown}
 f - 5 scrolls of enchant armour {unknown}
 h - a scroll of immolation {unknown}
 i - 11 scrolls of identify {unknown}
 m - 7 scrolls of amnesia {unknown}
 n - 2 scrolls of random uselessness {unknown}
 o - 2 scrolls of magic mapping {unknown}
 t - 3 scrolls of blinking {unknown}
 x - a scroll of fear {unknown}
 y - 5 scrolls of remove curse {unknown}
 D - 2 scrolls of enchant weapon {unknown}
 F - a scroll of vulnerability {unknown}
Potions
 j - 2 potions of haste
 k - 2 potions of curing
 q - a potion of berserk rage
 v - a potion of brilliance
 A - 2 potions of cancellation {unknown}
 H - a potion of stabbing
Comestibles
 d - 19 rations


   Skills:
 - Level 7.0 Fighting
 - Level 12.9 Polearms
 * Level 1.6 Slings
 - Level 7.0 Dodging
 - Level 7.0 Shields
 * Level 4.4 Invocations


You had 10 spell levels left.
You didn't know any spells.
Your spell library contained the following spells:

 Spells                   Type           Power        Failure   Level  Hunger
 Freeze                   Ice            #...         58%         1    ##.....
 Frozen Ramparts          Ice            #.....       92%         3    ####...
 Ozocubu's Armour         Chrm/Ice       #.......     92%         3    ####...
 Hailstorm                Conj/Ice       #.......     100%        4    #####..
 Summon Ice Beast         Ice/Summ       #.......     100%        4    #####..


Dungeon Overview and Level Annotations

Branches:
Dungeon (11/15)            Temple (1/1) D:4            Lair (0/6) D:8
    Orc (0/2) D:9

Altars:
Ashenzari
Cheibriados
Dithmenos
Elyvilon
Fedhas
Gozag
Hepliaklqana
Kikubaaqudgha
Makhleb
Nemelex Xobeh
Okawaru
Qazlal
Ru
Sif Muna
Trog
Uskayaw
Vehumet
Wu Jian
Xom
Yredelemnul
Zin
The Shining One

Shops:
D:4 ([(%!   D:11 *


Innate Abilities, Weirdness & Mutations

You cannot wear most types of armour.
You are very stealthy in the water. (Stealth+)
You are amphibious.
You can wear up to eight rings at the same time.
You can use your tentacles to constrict eight enemies at once.
Your skin changes colour to match your surroundings (Stealth+).
Your rubbery body absorbs attacks. (AC +1, EV +1)


Message History

The burst of metal fragments hits something but does no damage. x3
Something bites you. Something claws you! x2
Evoke which item? (* to show all) (? for menu, Esc to quit)
Aiming: Scattershot
Press: ? - help, Shift-Dir - straight line, f/p - wraith
Aim: a wraith (severely damaged)
The burst of metal fragments hits something but does no damage. x2
The burst of metal fragments hits something.
The wraith is severely damaged.
The now-empty wand crumbles to dust.
Something bites you! Something claws you.
* * * LOW HITPOINT WARNING * * *
Something claws you.
* * * LOW HITPOINT WARNING * * *
Okay, then.
A red film seems to cover your vision as you go berserk!
You feel yourself moving faster!
You feel mighty! Something bites you!!
* * * LOW HITPOINT WARNING * * *
Something claws you but does no damage. Something claws you!
You die...
Fedhas appreciates your contribution to the ecosystem.

##..(WW##.....#
####W###.##.##
#@#........
#.#....# #
#.T...##
####$...##
##.W..#.##
#.W.#.#.#
#..@#...#
#..##..##
#..###..# ###
#..# #..# ###


You could see a troll and 2 wraiths.

Vanquished Creatures
  A cyclops (D:10)
  A kobold demonologist (D:9)
  A queen bee (D:9)
  3 trolls
  A hippogriff (D:10)
  Sigmund (D:2)
  3 yaks (D:9)
  A hungry ghost (D:7)
  Menkaure (D:5)
  3 orc warriors
  5 porcupines (D:8)
  2 ice beasts
  3 black bears
  A sky beast (D:5)
  2 phantoms
  4 ogres
  3 centaurs
  A crocodile (D:10)
  15 big kobolds
  6 bullfrogs
  A wyvern zombie (D:7)
  A gnoll sergeant (D:9)
  3 scorpions
  18 killer bees
  10 wights
  3 howler monkeys
  4 crimson imps
  A bullfrog zombie (D:8)
  3 hounds
  4 jellies
  A quasit (D:7)
  A centaur zombie (D:7)
  A bullfrog skeleton (D:7)
  A centaur skeleton (D:11)
  8 orc priests
  Jessica (D:2)
  Natasha (twice) (D:2)
  An iguana (D:4)
  7 orc wizards
  6 worker ants
  A hound zombie (D:7)
  A howler monkey zombie (D:7)
  12 adders
  7 gnolls
  A shadow imp (D:8)
  2 oozes
  4 adder skeletons
  An adder zombie (D:5)
  6 worms
  A dart slug (D:2)
  4 leopard geckos
  57 orcs
  6 bats
  3 giant cockroaches
  8 goblins
  7 hobgoblins
  13 jackals
  2 quokkas
  3 ball pythons
  4 frilled lizards
  A jackal skeleton (D:3)
  36 kobolds
  A leopard gecko skeleton (D:8)
  A leopard gecko zombie (D:8)
  2 quokka skeletons
  10 rats
329 creatures vanquished.

Vanquished Creatures (collateral kills)
  Josephine (D:11)
  An ice beast (D:11)
2 creatures vanquished.

Vanquished Creatures (others)
  21 fungi (D:8)
  9 plants (D:8)
30 creatures vanquished.

Grand Total: 361 creatures vanquished

Notes
Turn   | Place    | Note
-------+----------+-------------------------------------------
     0 | D:1      | Maedhros the Octopode Fighter began the quest for the Orb.
     0 | D:1      | Reached XP level 1. HP: 16/16 MP: 1/1
   126 | D:2      | Reached XP level 2. HP: 21/21 MP: 2/2
   144 | D:2      | Reached skill level 3 in Polearms
   427 | D:3      | Reached XP level 3. HP: 18/26 MP: 3/3
   645 | D:4      | Found Dequ's Distillery.
   697 | D:4      | Found an ornate altar of the Wu Jian Council.
   743 | D:4      | Found Vienlala's Food Emporium.
   749 | D:4      | Reached skill level 4 in Polearms
   749 | D:4      | Reached XP level 4. HP: 27/31 MP: 4/4
   764 | D:4      | Found a staircase to the Ecumenical Temple.
   776 | Temple   | Entered the Ecumenical Temple
   797 | Temple   | Became a worshipper of Fedhas Madash
   850 | D:4      | Reached skill level 5 in Polearms
   850 | D:4      | Reached XP level 5. HP: 12/36 MP: 5/5
  1268 | D:4      | Found Wadiusok's Antique Armour Shop.
  1533 | D:2      | Found a sacrificial altar of Ru.
  1668 | D:2      | Found an opulent altar of Gozag.
  1684 | D:2      | Found a glowing golden altar of the Shining One.
  1699 | D:2      | Found a sparkling altar of Nemelex Xobeh.
  1705 | D:2      | Found an ancient bone altar of Kikubaaqudgha.
  1715 | D:2      | Noticed Jessica
  1726 | D:2      | Killed Jessica
  1726 | D:2      | Reached skill level 6 in Polearms
  1726 | D:2      | Reached XP level 6. HP: 38/42 MP: 6/6
  1819 | D:1      | Reached * piety under Fedhas
  2552 | D:2      | Noticed Natasha
  2561 | D:2      | Killed Natasha
  2635 | D:2      | Noticed Sigmund
  2642 | D:2      | Killed Sigmund
  2642 | D:2      | Reached skill level 7 in Polearms
  2642 | D:2      | Reached XP level 7. HP: 46/46 MP: 7/7
  2705 | D:2      | Noticed Natasha
  2711 | D:2      | Killed Natasha
  3018 | D:3      | Found a faded altar of an unknown god.
  3445 | D:4      | Found Paggepp's Antique Weapon Boutique.
  3547 | D:4      | Bought a glowing trident for 143 gold pieces
  3619 | D:4      | Reached skill level 8 in Polearms
  3774 | D:4      | Reached ** piety under Fedhas
  3902 | D:4      | Found a shimmering blue altar of Sif Muna.
  4033 | D:4      | Found Ameclant's Weapon Emporium.
  4122 | D:5      | Entered Level 5 of the Dungeon
  4272 | D:5      | Reached skill level 9 in Polearms
  4272 | D:5      | Reached XP level 8. HP: 22/52 MP: 8/8
  4273 | D:5      | Found an iron altar of Okawaru.
  4723 | D:5      | Noticed Menkaure
  4729 | D:5      | Killed Menkaure
  5036 | D:5      | Reached skill level 10 in Polearms
  5554 | D:6      | Reached skill level 11 in Polearms
  5879 | D:6      | Reached *** piety under Fedhas
  5887 | D:7      | Reached XP level 9. HP: 36/56 MP: 9/9
  6431 | D:7      | Reached skill level 12 in Polearms
  6615 | D:7      | Noticed a troll
  6644 | D:7      | Killed a troll
  7206 | D:7      | Reached **** piety under Fedhas
  7491 | D:8      | Reached XP level 10. HP: 19/63 MP: 10/10
  7717 | D:8      | Got a coiled lapis lazuli ring
  7749 | D:8      | Identified the ring "Cufihuh" {+Blink +Fly rF++ rC- Int+2}
                  | (You found it on level 8 of the Dungeon)
  7972 | D:8      | Reached ***** piety under Fedhas
  8019 | D:8      | Found a staircase to the Lair.
  8384 | D:8      | Reached skill level 5 in Dodging
  8384 | D:8      | Reached skill level 5 in Shields
  8388 | D:8      | Reached skill level 5 in Fighting
  8601 | D:8      | Found a shadowy altar of Dithmenos.
  9511 | D:9      | Found a staircase to the Orcish Mines.
  9658 | D:9      | Reached XP level 11. HP: 58/73 MP: 11/11
  9774 | D:9      | Reached skill level 1 in Invocations
  9786 | D:9      | Noticed a sixfirhy
 10171 | D:10     | Entered Level 10 of the Dungeon
 10399 | D:10     | Noticed a cyclops
 10412 | D:10     | Killed a cyclops
 11071 | D:10     | Reached ****** piety under Fedhas
 11361 | D:10     | Found a burning altar of Makhleb.
 11557 | D:11     | Found Loizxeis's General Store.
 11673 | D:4      | Bought a steaming fustibalus for 440 gold pieces
 11673 | D:4      | Identified the +5 fustibalus of Moral Flaws {vorpal, +Inv
                  | MP+9 Dex+2 Stlth-} (You bought it in a shop on level 4 of
                  | the Dungeon)
 11717 | D:3      | Found a shimmering altar of Xom.
 12708 | D:11     | Noticed Josephine
 12721 | D:11     | Killed Josephine
 12721 | D:11     | Reached skill level 1 in Slings
 12723 | D:11     | Noticed a manticore
 12736 | D:11     | HP: 4/112 [something (22)]
 12736 | D:11     | Mangled by a manticore

Levels and vault maps discovered:
D:1:      denvon_arrival_waterhouse, layout_loops_ring
D:2:      layout_basic, grunt_temple_overflow_cloverleaf,
          nicolae_overflow_crystal_walls, uniq_jessica, uniq_sigmund,
          uniq_natasha
D:3:      layout_loops_ring, chequers_ecumenical_altar_lobes,
          lemuel_statue_altar
D:4:      layout_basic, lemuel_doored_altar, lemuel_blue_sif_altar,
          temple_green, serial_co_window_serial, co_window_paths_a,
          co_window_paths_a, co_window_paths_a, co_window_paths_a,
          co_window_of_opportunity_a, co_window_unsneaky_path_d,
          co_window_corner_b, co_window_cross_3, co_window_broadway_c,
          co_window_corner_ca, co_window_2corner, co_window_corner_cb,
          serial_shops, shop, nicolae_shop_window_shopping, shop, shop,
          kennysheep_mini_moat, kennysheep_generic_room_11
D:5:      layout_rooms, okawaru_gym_becter, first_ration, uniq_menkaure
D:6:      layout_gridville
D:7:      layout_rooms
D:8:      layout_loops_cross, kennysheep_little_box,
          due_lair_maze_entry_diamond, special_room [special_room_orc],
          kennysheep_generic_room_12
D:9:      layout_roguey [special_room_kobold], david_nohive_1
D:10:     layout_layer_cave, basic_altar
D:11:     layout_rooms, serial_shops, shop, uniq_josephine
Temple:   cyrus_circular_temple

Skill      XL: |  1  2  3  4  5  6  7  8  9 10 11 |
---------------+----------------------------------+-----
Polearms       | 3 4 5 6 7 9 11 12 | 12.9
Dodging        | 6 7 |  7.0
Shields        | 6 7 |  7.0
Fighting       | 6 7 |  7.0
Invocations    | 4 |  4.4
Slings         | 1 |  1.6

Action                   |  1- 3 |  4- 6 |  7- 9 | 10-12 || total
-------------------------+-------+-------+-------+-------++-------
Melee: Trident           |    65 |    82 |   369 |   412 ||   928
       Constrict         |    17 |    22 |    69 |    57 ||   165
       Tentacles         |    13 |    20 |    68 |    67 ||   168
 Fire: Fustibalus        |       |       |       |     2 ||     2
Evoke: Wand              |       |       |     8 |    18 ||    26
  Use: Potion            |       |     2 |     1 |     8 ||    11
 Stab: Sleeping          |       |     6 |    10 |    12 ||    28
       Distracted        |       |       |     2 |     1 ||     3
       Paralysed         |       |       |    12 |     7 ||    19
  Eat: Chunk             |       |     5 |    13 |     6 ||    24
       Ration            |       |       |     1 |     3 ||     4
Armor: Skin              |     4 |       |    24 |    36 ||    64
Dodge: Dodged            |    23 |    19 |   105 |    88 ||   235
Block: Kite shield       |    20 |    20 |    94 |   128 ||   262

Table legend:
 A = Non-vault XP
 B = Vault XP
 C = Vault XP percentage of total XP
 D = Non-vault monster count
 E = Vault monster count
 F = Vault count percentage of total count
                 A         B        C        D         E       F
            +---------+---------+-------+---------+---------+-------
      Total |    8498 |    5278 |  38.3 |     255 |      76 |  23.0
            +---------+---------+-------+---------+---------+-------
        D:1 |      43 |       0 |   0.0 |      23 |       0 |   0.0
        D:2 |     111 |     296 |  72.7 |      25 |       3 |  10.7
        D:3 |     146 |       0 |   0.0 |      17 |       0 |   0.0
        D:4 |     275 |       0 |   0.0 |      31 |       0 |   0.0
        D:5 |     769 |     172 |  18.3 |      23 |       1 |   4.2
        D:6 |     483 |       0 |   0.0 |      13 |       0 |   0.0
        D:7 |    1891 |       0 |   0.0 |      47 |       0 |   0.0
        D:8 |    1021 |    1539 |  60.1 |      30 |      32 |  51.6
        D:9 |    1820 |    2734 |  60.0 |      23 |      39 |  62.9
       D:10 |    1820 |       0 |   0.0 |      19 |       0 |   0.0
       D:11 |     119 |     537 |  81.9 |       4 |       1 |  20.0
            +---------+---------+-------+---------+---------+-------
